 Dungeon Crawl Stone Soup version 0.29-a0-648-g6b26cc9 (webtiles) character file.

Game seed: 7697534222674459752

3083 Dawnplanks the Grappler (level 9, -4/80 HPs)
             Began as a Troll Gladiator on June 20, 2022.
             Slain by an orc warrior
             ... wielding a +0 glaive
              (14 damage)
             ... in a bailey.
             The game lasted 00:11:41 (5220 turns).

Dawnplanks the Grappler (Troll Gladiator)           Turns: 5220, Time: 00:11:42

Health: -4/80      AC:  6    Str: 28    XL:     9   Next: 58%
Magic:  8/8        EV: 12    Int:  4    God:
Gold:   599        SH:  0    Dex: 17    Spells: 8/8 levels left

rFire   . . .      SeeInvis .     - Unarmed
rCold   . . .      Faith    .   (no shield)
rNeg    + . .      Spirit   .   d - +2 robe {rN+}
rPois   .          Reflect  .   b - +0 hat
rElec   .          Harm     .   (no cloak)
rCorr   .          Rampage  .   (gloves unavailable)
Will    .....                   (boots unavailable)
Stlth   ++........              (no amulet)
HPRegen 1.03/turn               p - +6 ring of dexterity
MPRegen 0.11/turn               (no ring)

@: mighty
A: large, unfitting armour, claws 3, regeneration 1, shaggy fur 1, tough skin 1
a: no special abilities


You were in a bailey.
You visited 2 branches of the dungeon, and saw 8 of its levels.
You also visited: Bailey.

You collected 599 gold pieces.

Inventory:

Missiles
 c - 2 throwing nets (quivered)
 f - 2 silver javelins
 o - 2 boomerangs
 y - 4 atropa-tipped darts
Armour
 b - a +0 hat (worn)
 d - a +2 robe of positive energy (worn)
 C - a +1 robe of cold resistance
Jewellery
 p - a +6 ring of dexterity (left claw)
Wands
 j - a wand of charming (5)
 v - a wand of flame (32)
 B - a wand of iceblast (10)
Scrolls
 e - a scroll of blinking {unknown}
 k - 2 scrolls of fear {unknown}
 l - 5 scrolls of amnesia {unknown}
 m - a scroll of torment {unknown}
 q - a scroll of fog {unknown}
 r - a scroll of brand weapon {unknown}
 s - 2 scrolls of teleportation {unknown}
Potions
 a - a potion of mutation {unknown}
 g - 4 potions of curing
 h - 3 potions of heal wounds
 i - 4 potions of resistance
 n - a potion of haste
 t - a potion of lignification
 u - 2 potions of attraction
 w - a potion of brilliance
 x - a potion of flight


   Skills:
 + Level 2.6 Fighting
 + Level 5.2 Throwing
 + Level 4.6 Dodging
 * Level 11.4 Unarmed Combat
 + Level 0.1 Evocations


You had 8 spell levels left.
You didn't know any spells.
Your spell library contained the following spells:

 Spells                   Type           Power      Damage    Failure   Level
 Apportation              Tloc           0%         N/A       50%         1
 Blink                    Tloc           0%         N/A       65%         2
 Corpse Rot               Necr/Pois/Air  0%         N/A       99%         4
 Passage of Golubria      Tloc           0%         N/A       99%         4
 Alistair's Intoxication  Tmut/Pois      0%         N/A       100%        5
 Silence                  Hex/Air        0%         N/A       100%        5
 Borgnjor's Revivificati  Necr           0%         N/A       100%        8
 Lehudib's Crystal Spear  Conj/Erth      0%         10d2      100%        8


Dungeon Overview and Level Annotations

Branches:
Dungeon (7/15)             Temple (1/1) D:6          Bailey (1/1)

Altars:
Ashenzari
Cheibriados
Dithmenos
Elyvilon
Fedhas
Gozag
Hepliaklqana
Kikubaaqudgha
Makhleb
Nemelex Xobeh
Okawaru
Qazlal
Ru
Sif Muna
Trog
Uskayaw
Vehumet
Wu Jian
Xom
Yredelemnul
Zin
The Shining One


Innate Abilities, Weirdness & Mutations

You are too large for most types of armour.
You have claws for hands.
Your natural rate of healing is unusually fast.
You are covered in fur. (AC +1)
You have tough skin. (AC +1)


Message History

The silver javelin barely misses the orc warrior.
The silver javelin pierces through the orc!
You kill the orc!
The silver javelin barely misses the orc warrior.
Throw: 3 javelins (silver)
Press: ? - help, Q - select action, (/) - cycle Shift-Dir - straight line, f/p - orc warrior
Aim: an orc warrior, wielding a +0 spear and wearing a +0 chain mail (60% to hit)
You throw a silver javelin.
The silver javelin barely misses the orc warrior.
The orc shouts!
The silver javelin pierces through the orc warrior.
The orc warrior is moderately wounded.
The silver javelin closely misses the orc.
The orc warrior hits you from afar with a +0 spear! x2
Throw: large rock
Press: ? - help, Q - select action, (/) - cycle Shift-Dir - straight line, f/p - orc warrior
Aim: an orc warrior, wielding a +0 spear and wearing a +0 chain mail (60% to hit)
You throw a large rock. The large rock hits the orc warrior!
The orc warrior is heavily wounded.
The orc warrior barely misses you.
The orc warrior hits you from afar with a +0 glaive!
You feel very mighty all of a sudden.
The orc warrior hits you from afar with a +0 spear.
The orc warrior hits you from afar with a +0 glaive!
The orc warrior hits you with a +0 spear!
The orc warrior hits you with a +0 glaive.
The orc hits you with a +0 spear.
There is an open door, spattered with blood here.
You closely miss the orc warrior.
The orc warrior is heavily wounded.
The orc warrior hits you with a +0 spear!
* * * LOW HITPOINT WARNING * * *
The orc warrior hits you with a +0 glaive.
* * * LOW HITPOINT WARNING * * *
The orc closely misses you.
You claw the orc warrior!
You kill the orc warrior!
The orc closely misses you.
The orc warrior hits you with a +0 glaive!
You die...

############ ######
##.∩....)...## #.....#
#......#))...######...o.
#.....###)...#o...#..##.oo
#∩.....8.....@o.o)')(8.o..
#.....###)...#o...#..##o..
#......#.....######.....
##.∩........## #.....#
############ ######


You could see an orc warrior and 3 orcs.

Vanquished Creatures
  The ghost of alcopop the Magician, an amateur DjCj (D:5)
  Grinder (D:5)
  A hornet (D:7)
  Edmund (D:5)
  Duvessa (D:5)
  4 water moccasins
  An ice beast (D:6)
  A black bear (D:5)
  3 orc warriors
  A centaur (D:6)
  2 phantoms
  Blork the orc (D:5)
  A necrophage (D:7)
  A bullfrog (D:7)
  2 scorpions (D:7)
  3 wights (D:7)
  Dowan (D:5)
  2 orc priests
  A gnoll shaman (D:6)
  3 hounds
  3 jellies
  3 iguanas
  6 orc wizards
  8 gnolls
  6 adders
  An ufetubus (D:6)
  3 worms
  4 dart slugs
  30 orcs
  10 ball pythons
  3 bats
  10 endoplasms
  10 giant cockroaches
  9 goblins
  9 hobgoblins
  2 jackals (D:4)
  6 quokkas
  4 frilled lizards
  13 kobolds
  4 rats
176 creatures vanquished.

Notes
Turn   | Place    | Note
-------+----------+-------------------------------------------
     0 | D:1      | Dawnplanks the Troll Gladiator began the quest for the Orb.
     0 | D:1      | Reached XP level 1. HP: 19/19 MP: 0/0
    25 | D:1      | Found a faded altar of an unknown god.
   126 | D:1      | Reached XP level 2. HP: 27/27 MP: 1/1
   606 | D:1      | Reached XP level 3. HP: 35/35 MP: 2/2
   813 | D:2      | Reached skill level 4 in Unarmed Combat
   935 | D:2      | Reached XP level 4. HP: 42/42 MP: 3/3
  1559 | D:3      | Got the Incunabulum of Ghastly Displacement
  2122 | D:4      | Found an ancient bone altar of Kikubaaqudgha.
  2215 | D:4      | Reached skill level 5 in Unarmed Combat
  2215 | D:4      | Reached XP level 5. HP: 49/49 MP: 4/4
  2454 | D:4      | Reached XP level 6. HP: 52/57 MP: 5/5
  2503 | D:4      | Reached skill level 6 in Unarmed Combat
  2721 | D:4      | Found a shimmering altar of Xom.
  2721 | D:4      | Found a sparkling altar of Nemelex Xobeh.
  2721 | D:4      | Found a stormy altar of Qazlal.
  2722 | D:4      | Found an ornate altar of the Wu Jian Council.
  2722 | D:4      | Found a broken altar of Ashenzari.
  2723 | D:4      | Found a bloodstained altar of Trog.
  2725 | D:4      | Found a shadowy altar of Dithmenos.
  2726 | D:4      | Found a glowing silver altar of Zin.
  3099 | D:5      | Entered Level 5 of the Dungeon
  3272 | D:5      | Noticed Grinder
  3281 | D:5      | Killed Grinder
  3282 | D:5      | Reached skill level 7 in Unarmed Combat
  3282 | D:5      | Reached XP level 7. HP: 65/65 MP: 6/6
  3335 | D:5      | Noticed Edmund
  3343 | D:5      | Killed Edmund
  3363 | D:5      | Found a runed translucent door.
  3370 | D:5      | Noticed alcopop's ghost (amateur DjCj)
  3390 | D:5      | Noticed Blork the orc
  3393 | D:5      | Killed Blork the orc
  3405 | D:5      | Reached skill level 8 in Unarmed Combat
  3441 | D:5      | Noticed Dowan
  3442 | D:5      | Noticed Duvessa
  3465 | D:5      | Killed Dowan
  3533 | D:5      | Killed Duvessa
  3534 | D:5      | Reached XP level 8. HP: 72/72 MP: 7/7
  3987 | D:5      | Killed alcopop's ghost
  4157 | D:6      | Reached skill level 9 in Unarmed Combat
  4381 | D:6      | Found a staircase to the Ecumenical Temple.
  4414 | Temple   | Entered the Ecumenical Temple
  4667 | D:6      | Reached skill level 5 in Throwing
  4801 | D:7      | Reached skill level 10 in Unarmed Combat
  4811 | D:7      | Noticed a hornet
  4818 | D:7      | Killed a hornet
  4819 | D:7      | Reached XP level 9. HP: 58/80 MP: 8/8
  4999 | D:7      | Reached skill level 11 in Unarmed Combat
  5117 | D:7      | Found a flagged portal.
  5127 | Bailey   | Entered a bailey
  5220 | Bailey   | Slain by an orc warrior

Illustrated notes

Levels and vault maps discovered:
D:1:      scummos_arrival_forest, layout_loops_ring,
          shapermc_ecumenical_altar_starsandcircs
D:2:      kennysheep_six_static_rooms, layout_loops_ring,
          corexii_hall_statues_i, dk_vineyard_3, chequers_decorated_corner
D:3:      layout_loops_ring, serial_bayou_pond_e
D:4:      layout_loops_corners, minitemple, old_standard_altar,
          minmay_misc_feat_pillars, hangedman_abyss_or_decor_passed
D:5:      layout_loops_ring, serial_rivers, chequers_serial_rivers_micro_a,
          chequers_serial_rivers_large_a, chequers_serial_rivers_micro_d,
          chequers_serial_rivers_micro_d, chequers_serial_rivers_small_a,
          ebering_ghost_reflecting_pool, uniq_blork_the_orc, uniq_grinder,
          uniq_duvessa, uniq_edmund
D:6:      nicolae_cairo_tiling_very_big, layout_rooms,
          minmay_temple_entry_drinking_statues, serial_corexii_hall,
          corexii_hall_statues_l, chequers_hall_statues_wall_a,
          corexii_hall_statues_t, corexii_hall_statues_l,
          ebering_dispersal_statue_hall
D:7:      layout_rooms, enter_bailey_3
Temple:   cyrus_circular_temple
Bailey:   bailey_polearm_5, bailey

Skill      XL: |  1  2  3  4  5  6  7  8  9 |
---------------+----------------------------+-----
Dodging        | 3 4 |  4.6
Unarmed Combat | 4 5 7 8 10 11 | 11.4
Throwing       | 2 3 5 |  5.2
Fighting       | 2 |  2.6
Evocations     | |  0.1

Action                   |  1- 3 |  4- 6 |  7- 9 || total
-------------------------+-------+-------+-------++-------
Melee: Unarmed           |   100 |   111 |   184 ||   395
       Punch             |     1 |     4 |     9 ||    14
Throw: Boomerang         |       |    27 |    30 ||    57
       Large rock        |       |     2 |     7 ||     9
       Throwing net      |       |     2 |     2 ||     4
       Javelin           |       |       |     3 ||     3
Evoke: Wand              |       |       |     3 ||     3
  Use: Scroll            |       |       |     9 ||     9
       Potion            |       |       |     2 ||     2
 Stab: Sleeping          |     1 |       |       ||     1
       Held in net/web   |       |       |     1 ||     1
Armor: Robe              |    32 |    23 |    51 ||   106
Dodge: Dodged            |    42 |    62 |    93 ||   197

Table legend: (Time is in decaauts)
 A = Elapsed time spent in this place.
 B = Non-inter-level travel time spent in this place.
 C = Inter-level travel time spent in this place.
 D = Time resting spent in this place.
 E = Time spent auto-exploring this place.
 F = Levels seen in this place.
 G = Mean time per level.
                   A        B        C        D        E       F      G
               +--------+--------+--------+--------+--------+-----+--------+
         Total |   5180 |   4931 |    249 |      0 |   3902 |   9 |  575.6 |
       Dungeon |   5019 |   4781 |    238 |      0 |   3803 |   7 |  717.0 |
        Temple |     69 |     58 |     11 |      0 |     52 |   1 |   69.0 |
        Bailey |     91 |     91 |      0 |      0 |     47 |   1 |   91.0 |
               +--------+--------+--------+--------+--------+-----+--------+

Top non-repeatable levels by time:
     D:4: 981 daAuts
     D:5: 944 daAuts
     D:3: 767 daAuts
     D:2: 709 daAuts
     D:6: 660 daAuts
     D:1: 632 daAuts
     D:7: 322 daAuts
  Bailey: 91 daAuts
  Temple: 69 daAuts
